 Dungeon Crawl Stone Soup version 0.22-a0-351-g29664b4 (webtiles) character file.

86 vishdafish the Charmwright (level 4, -4/34 HPs)
             Began as a Demonspawn Skald on Apr 12, 2018.
             Slain by an ogre
             ... wielding a +0 giant club
              (13 damage)
             ... on level 2 of the Dungeon.
             The game lasted 00:01:35 (977 turns).

vishdafish the Charmwright (Demonspawn Skald)        Turns: 977, Time: 00:01:35

Health: -4/34      AC:  5    Str: 11    XL:     4   Next: 26%
Magic:  4/7        EV: 12    Int: 15    God:
Gold:   56         SH:  0    Dex: 13    Spells: 6/7 levels left

rFire    . . .     SeeInvis .   a - +0 spear
rCold    . . .     Gourm    .   (no shield)
rNeg     . . .     Faith    .   b - +0 leather armour
rPois    .         Spirit   .   (no helmet)
rElec    .         Reflect  .   (no cloak)
rCorr    .         Harm     .   (no gloves)
MR       .....                  (no boots)
Stlth    +.........             (no amulet)
HPRegen  0.11/turn              (no ring)
MPRegen  0.10/turn              (no ring)

@: infused
A: claws 1, molten scales 1
a: no special abilities


You were on level 2 of the Dungeon.
You were hungry.

You visited 1 branch of the dungeon, and saw 2 of its levels.

You collected 56 gold pieces.

Inventory:

Hand Weapons
 a - a +0 spear (weapon)
Armour
 b - a +0 leather armour (worn)
Jewellery
 c - an uncursed ring of protection from magic {unknown}
Scrolls
 f - a scroll of enchant weapon {unknown}
 g - a scroll of enchant armour {unknown}
 i - a scroll of teleportation {unknown}
 j - 2 scrolls of identify {unknown}
 k - a scroll of remove curse {unknown}
Potions
 e - 2 potions of curing {unknown}
 h - a potion of agility {unknown}
 l - a potion of magic {unknown}
Comestibles
 d - 2 rations


   Skills:
 + Level 2.6 Fighting
 + Level 2.6 Polearms
 + Level 1.6 Armour
 + Level 2.2 Dodging
 + Level 2.1 Spellcasting
 + Level 3.1 Charms


You had 6 spell levels left.
You knew the following spells:

 Your Spells              Type           Power        Failure   Level  Hunger
a - Infusion              Chrm           ##..         8%          1    #......


Dungeon Overview and Level Annotations

Branches:
Dungeon (2/15)

Altars:


Innate Abilities, Weirdness & Mutations

You have sharp fingernails.
You are partially covered in molten scales. (AC +2)


Message History

An ogre is nearby!
Casting: Infusion (safe; 8% risk of failure)
Confirm with . or Enter, or press ? or * to list all spells.
You begin infusing your attacks with magical energy.
Attack whom?
Press: ? - help, Dir - move target cursor, f - ogre
Aim: an ogre, wielding a giant club You reach to attack!
You hit the ogre.
The ogre is moderately wounded.
You hit the ogre!
The ogre is heavily wounded.
You completely miss the ogre.
The ogre is heavily wounded.
The ogre hits you with a giant club!
* * * LOW HITPOINT WARNING * * *
You are too injured to fight recklessly!
You completely miss the ogre.
The ogre is heavily wounded.
The ogre hits you with a giant club!
You die...

#.......#####
#....##.)...#
#### #..>..#
#.....###
####....#
####.# #...#
###########.###
......O@....#
#############


You could see an ogre.

Vanquished Creatures
  Natasha (twice) (D:2)
  A leopard gecko (D:1)
  2 ball pythons (D:1)
  3 bats (D:1)
  2 hobgoblins (D:1)
  4 jackals (D:1)
  8 kobolds
  6 frilled lizards
  5 goblins
  4 rats (D:1)
37 creatures vanquished.

Notes
Turn   | Place    | Note
-------+----------+-------------------------------------------
     0 | D:1      | vishdafish the Demonspawn Skald began the quest for the Orb.
     0 | D:1      | Reached XP level 1. HP: 16/16 MP: 3/3
   201 | D:1      | Gained mutation: You are partially covered in molten scales. (AC +2) [demonic ancestry]
   201 | D:1      | Reached XP level 2. HP: 20/22 MP: 1/5
   215 | D:1      | Reached skill level 3 in Charms
   266 | D:1      | Reached skill level 1 in Armour
   404 | D:1      | Reached XP level 3. HP: 21/27 MP: 6/6
   839 | D:2      | Noticed Natasha
   847 | D:2      | Killed Natasha
   872 | D:2      | Noticed Natasha
   877 | D:2      | Killed Natasha
   877 | D:2      | Gained mutation: You have sharp fingernails. [demonic ancestry]
   877 | D:2      | Reached XP level 4. HP: 15/34 MP: 2/7
   971 | D:2      | Noticed an ogre
   977 | D:2      | Slain by an ogre

Vault maps used:
D:1:      saegor_arrival_miasma
D:2:      uniq_natasha

Skill      XL: |  1  2 |
---------------+-------+-----
Charms         | 3 |  3.1
Dodging        | 2 |  2.2
Armour         | 1 |  1.6
Polearms       | 2 |  2.6
Fighting       | |  2.6
Spellcasting   | |  2.1

Action                   |  1- 3 |  4- 6 || total
-------------------------+-------+-------++-------
Melee: Spear             |   122 |    10 ||   132
 Cast: Infusion          |     4 |     1 ||     5
 Stab: Sleeping          |     1 |       ||     1
Armor: Leather armour    |    33 |     1 ||    34
Dodge: Dodged            |    63 |     3 ||    66

Table legend:
 A = Spawn XP
 B = Non-spawn XP
 C = Spawn XP percentage of total XP
 D = Spawn monster count
 E = Non-spawn monster count
 F = Spawn count percentage of total count
 G = Total turns spent on level
                    A         B        C        D         E        F      G
               +---------+---------+-------+---------+---------+-------+---------
         Total |       0 |     123 |   0.0 |       0 |      37 |   0.0 |   977
               +---------+---------+-------+---------+---------+-------+---------
           D:1 |       0 |      46 |   0.0 |       0 |      29 |   0.0 |   701
           D:2 |       0 |      77 |   0.0 |       0 |       8 |   0.0 |   276
               +---------+---------+-------+---------+---------+-------+---------
